 Dungeon Crawl Stone Soup version 0.31.0-32-g396128a36d (webtiles) character file.

Game seed: 4207794760648726384

44 MJtheKandyman the Vexing (level 3, 0/28 HPs)
             Began as a Gnoll Hexslinger on Mar 18, 2024.
             Slain by an orc
             ... wielding a +0 flail
              (9 damage)
             ... on level 4 of the Dungeon.
             The game lasted 00:16:56 (1854 turns).

MJtheKandyman the Vexing (Gnoll Hexslinger)         Turns: 1854, Time: 00:16:57

Health: 0/28       AC:  2    Str:  7    XL:     3   Next: 62%
Magic:  7/7        EV: 14    Int: 18    God:
Gold:   119        SH:  0    Dex: 16    Spells: 7/7 levels left

rFire   . . .        a - +1 sling
rCold   . . .        (no shield)
rNeg    . . .        c - +0 robe
rPois   .            (no helmet)
rElec   .            (no cloak)
rCorr   .            (no gloves)
SInv    .            (no boots)
Will    .....        p - amulet of magic regeneration
Stlth   ++           t - +6 ring of intelligence
HPRegen 0.24/turn    (no ring)
MPRegen 0.50/turn

%: no passive effects
@: no status effects
A: fangs 1, strong nose, distributed training
a: no special abilities


You were on level 4 of the Dungeon.
You visited 1 branch of the dungeon, and saw 4 of its levels.

You collected 119 gold pieces.

Inventory:

Hand Weapons
 a - a +1 sling (weapon)
 l - a +1 short sword of venom
 s - a +2 mace of draining
Missiles
 m - 5 stones
 r - 2 boomerangs
Armour
 c - a +0 robe (worn)
 n - an orb of light
Jewellery
 h - an amulet of guardian spirit
 p - an amulet of magic regeneration (around neck)
 t - a +6 ring of intelligence (left hand)
Talismans
 q - a beast talisman
Wands
 u - a wand of flame (10)
Scrolls
 b - a scroll of poison
 g - 2 scrolls of identify {unknown}
 k - a scroll of teleportation {unknown}
 w - a scroll of amnesia {unknown}
Potions
 d - a potion of resistance {unknown}
 e - a potion of attraction {unknown}
 f - 3 potions of curing {unknown}
 i - 6 potions of enlightenment {unknown}
 j - a potion of heal wounds {unknown}
 o - a potion of mutation {unknown}


   Skills:
 + Level 2.6 Fighting
 + Level 0.9 Short Blades
 + Level 0.9 Long Blades
 + Level 0.9 Axes
 + Level 0.9 Maces & Flails
 + Level 0.9 Polearms
 + Level 0.9 Staves
 + Level 4.5 Ranged Weapons
 + Level 0.9 Throwing
 + Level 0.9 Armour
 + Level 4.5 Dodging
 + Level 0.9 Stealth
 + Level 0.9 Shields
 + Level 0.9 Unarmed Combat
 + Level 2.8 Spellcasting
 + Level 0.6 Conjurations
 + Level 5.4 Hexes
 + Level 0.6 Summonings
 + Level 0.6 Necromancy
 + Level 0.6 Translocations
 + Level 2.1 Fire Magic
 + Level 0.6 Ice Magic
 + Level 0.6 Air Magic
 + Level 0.6 Earth Magic
 + Level 0.6 Alchemy
 + Level 1.0 Invocations
 + Level 0.9 Evocations
 + Level 0.7 Shapeshifting


You had 7 spell levels left.
You didn't know any spells.
Your spell library contained the following spells:

 Spells                   Type           Power      Damage    Failure   Level
 Jinxbite                 Hex            44%        N/A       2%          2
 Sigil of Binding         Hex            22%        N/A       5%          3
 Inner Flame              Hex/Fire       16%        N/A       11%         3
 Call Imp                 Summ           8%         N/A       19%         2
 Sublimation of Blood     Necr           4%         N/A       19%         2
 Cause Fear               Hex            11%        N/A       19%         4
 Dimensional Bullseye     Hex/Tloc       6%         N/A       43%         4
 Summon Hydra             Summ           2%         N/A       100%        7


Dungeon Overview and Level Annotations

Branches:
Dungeon (4/15)
 Temple: D:4-7

Altars:

Shops:
D:1 [


Innate Abilities, Weirdness & Mutations

You have very sharp teeth.
Your uncanny sense of smell can sniff out nearby items.
Your experience applies equally to all skills.


Message History

Aim: an orc, wielding a +0 flail (62% to hit)
You shoot a sling bullet. The sling bullet hits the orc.
The orc is moderately wounded.
An orc priest comes into view. It is wielding a +2 dagger of venom.
Fire: a) +1 sling
Press: ? - help, Q - select action, (/) - cycle Shift-Dir - straight line, f - orc
Aim: an orc, wielding a +0 vampiric short sword (62% to hit)
You shoot a sling bullet.
The sling bullet closely misses the orc.
Fire: a) +1 sling
Press: ? - help, Q - select action, (/) - cycle Shift-Dir - straight line, f/p - orc
Aim: an orc, wielding a +0 vampiric short sword (62% to hit)
You shoot a sling bullet. The sling bullet barely misses the orc.
The orc hits you with a +0 vampiric short sword.
The orc attacks as it pursues you!
The orc hits you with a +0 vampiric short sword.
The orc misses you.
There is a stone staircase leading down here.
The orc priest looks satisfied for a moment.
The orc barely misses you.
You climb downwards.
There is a stone staircase leading up here.
You shoot a sling bullet. The sling bullet hits the orc.
The orc is almost dead.
The orc barely misses you.
You shoot a sling bullet. The sling bullet hits the orc!
You kill the orc!
You climb upwards.
The orc priest invokes the aid of Beogh against you.
Pain shoots through your body! The orc closely misses you. x2
There is a stone staircase leading down here.
The orc hits you with a +0 flail.
* * * LOW HITPOINT WARNING * * *
You climb downwards.
There is a stone staircase leading up here.
You are too injured to fight recklessly!
You are too injured to fight recklessly!
You shoot a sling bullet. The sling bullet barely misses the orc.
The orc hits you with a +0 flail!
You die...

# ## ##. ##.
###.. ##.#
##....##..#
..........## .
#........####..[
#....o......#
##....@).####
#.>....##
#......#
###....# ##...#
#...# #...#
#...#


You could see an orc.

Vanquished Creatures
  2 orcs
  3 bats
  5 endoplasms
  2 giant cockroaches
  6 goblins
  6 hobgoblins
  3 quokkas
  6 ball pythons
  3 rats
36 creatures vanquished.

Notes
Turn   | Place    | Note
-------+----------+-------------------------------------------
     0 | D:1      | MJtheKandyman the Gnoll Hexslinger began the quest for the
                  | Orb.
     0 | D:1      | Reached XP level 1. HP: 17/17 MP: 4/4
   240 | D:1      | Found Gisus's Antique Armour Emporium.
   247 | D:1      | Reached XP level 2. HP: 23/23 MP: 5/5
   514 | D:1      | You fall into a shaft and drop 1 floor!
  1230 | D:2      | Reached XP level 3. HP: 28/28 MP: 7/7
  1439 | D:2      | Reached skill level 1 in Invocations
  1854 | D:4      | Slain by an orc

Illustrated notes

Levels and vault maps discovered:
D:1:      dpeg_chamrin_arrival_tetris, layout_basic, serial_shops, shop
D:2:      layout_rooms
D:3:      layout_basic, nicolae_ru_sacrificial_ziggurat,
          mainiacjoe_overflow_six_doors_small
D:4:      layout_layer_cave, minivault_26, kennysheep_generic_room_10

Skill      XL: |  1  2  3 |
---------------+----------+-----
Fire Magic     | 2 |  2.1
Invocations    | 1 |  1.0
Fighting       | |  2.6
Short Blades   | |  0.9
Long Blades    | |  0.9
Axes           | |  0.9
Maces & Flails | |  0.9
Polearms       | |  0.9
Staves         | |  0.9
Ranged Weapons | |  4.5
Throwing       | |  0.9
Armour         | |  0.9
Dodging        | |  4.5
Stealth        | |  0.9
Shields        | |  0.9
Unarmed Combat | |  0.9
Spellcasting   | |  2.8
Conjurations   | |  0.6
Hexes          | |  5.4
Summonings     | |  0.6
Necromancy     | |  0.6
Translocations | |  0.6
Ice Magic      | |  0.6
Air Magic      | |  0.6
Earth Magic    | |  0.6
Alchemy        | |  0.6
Evocations     | |  0.9
Shapeshifting  | |  0.7

Action                     || total
---------------------------++-------
  Melee: Dagger            ||     2
   Fire: Sling             ||   108
 Armour: Robe              ||    34
  Dodge: Dodged            ||    56
